 Dungeon Crawl Stone Soup version 0.26.0-10-g1f06aea511 (webtiles) character file.

Game seed: 14777731532599284587

6278 sanka the Fighter (level 10, 0/92 HPs)
             Began as a Barachi Brigand on Jan 17, 2021.
             Was a Priest of Okawaru.
             Slain by an orc warrior
             ... wielding a +0 glaive
              (14 damage)
             ... on level 12 of the Dungeon.
             The game lasted 00:26:29 (15921 turns).

sanka the Fighter (Barachi Brigand)                Turns: 15921, Time: 00:26:30

Health: 0/92       AC: 10    Str: 16    XL:     10   Next: 94%
Magic:  13/13      EV: 15    Int: 11    God:    Okawaru [***...]
Gold:   184        SH:  0    Dex: 14    Spells: 9/9 levels left

rFire    . . .     SeeInvis +   a - +0 scimitar
rCold    + . .     Faith    .   (no shield)
rNeg     + . .     Spirit   .   u - +0 ring mail {rN+}
rPois    .         Reflect  .   l - +2 helmet
rElec    .         Harm     .   z - scarf {+Inv}
rCorr    .         Rampage  .   (no gloves)
Will     .....                  C - +1 pair of boots
Stlth    ++........             (no amulet)
HPRegen  0.25/turn              M - ring of protection from cold
MPRegen  0.13/turn              K - ring of see invisible

@: slow
A: +LOS, swims, slowness 1, strong legs 1
a: Hop, Renounce Religion, Evoke Invisibility, Heroism


You were on level 12 of the Dungeon.
You worshipped Okawaru.
Okawaru was most pleased with you.
You visited 2 branches of the dungeon, and saw 13 of its levels.
You also visited: Sewer.

You collected 602 gold pieces.
You spent 418 gold pieces at shops.


Innate Abilities, Weirdness & Mutations

You can be seen from farther away. (+LOS)
You can swim through water.
You cover ground slowly.
You can hop short distances.


   Skills:
 + Level 13.5 Fighting
 - Level 2.1(5.5) Short Blades
 - Level 8.8(9.0) Long Blades
 - Level 2.0 Throwing
 - Level 8.0 Dodging
 - Level 3.6 Stealth
 - Level 4.0 Invocations


You had 9 spell levels left.
You didn't know any spells.
Your spell library was empty.

Inventory:

Hand Weapons
 a - a +0 scimitar (weapon)
 b - a +2 antimagic dagger
 p - a +2 dagger
 q - a +0 flail
 G - the +2 mace of Descent {flame, rElec Str+8 Int-2 Dex+5}

   It has been specially enchanted to burn those struck by it, causing extra
   injury to most foes and up to half again as much damage against particularly
   susceptible opponents.
   It affects your strength (+8).
   It affects your intelligence (-2).
   It affects your dexterity (+5).
   It insulates you from electricity.
 L - the +7 hand axe of Grace {pain, rC+} In the hands of one skilled in necromantic magic, it inflicts extra damage on living creatures. It protects you from cold.
Missiles
 d - 68 poisoned darts (quivered)
 A - a curare-tipped dart {=f}
 D - 8 silver javelins
Armour
 c - a +0 cloak
 l - a +2 helmet (worn)
 u - a +0 ring mail of positive energy (worn)
 z - a scarf of invisibility (worn)
 C - a +1 pair of boots (worn)
 H - a scarf of resistance
Jewellery
 K - a ring of see invisible (right hand)
 M - a ring of protection from cold (left hand)
Wands
 e - a wand of polymorph (3)
 y - a wand of acid (5)
 I - a wand of enslavement (7)
Scrolls
 f - 2 scrolls of amnesia
 g - 4 scrolls of magic mapping
 i - 9 scrolls of remove curse
 m - 3 scrolls of teleportation {@r4}
 o - 3 scrolls of fog
 s - a scroll of enchant armour
 v - 2 scrolls of fear
 x - 4 scrolls of blinking
 J - a scroll of vulnerability {!r}
 N - a scroll of immolation {!r}
 O - a scroll of identify {@r1}
Potions
 h - 2 potions of degeneration {unknown}
 j - 5 potions of might
 k - 6 potions of curing {@q1}
 n - 4 potions of heal wounds {@q2}
 r - a potion of ambrosia {unknown}
 t - a potion of flight {unknown}
 w - 2 potions of berserk rage {unknown}
 B - a potion of invisibility {unknown}
 E - 2 potions of haste {unknown}
 F - a potion of mutation {unknown}

Dungeon Overview and Level Annotations

Branches:
Dungeon (13/15)            Temple (1/1) D:4           Sewer (visited)
   Lair: D:8-11         Orc: D:9-12      Vaults: D:13-14

Altars:
Cheibriados
Dithmenos
Fedhas
Gozag
Hepliaklqana
Makhleb
Nemelex Xobeh
Okawaru
Qazlal
Ru
Vehumet
Yredelemnul

Shops:
D:8 * D:9

[ ▒▒▒▒▒▒▒▒▒▒▒ ▒▒▒▒
.....▒▒..▒▒...▒ ▒.........▒
▒...(.....▒ ▒......^..▒ ..<.
▒....▒▒▒..▒ ▒o..
▒▒▒▒▒▒▒▒▒▒▒▒▒▒▒oF.)▒▒▒+▒▒▒.. ▒...
.......^.▒.....oo........... ....
.........▒.....o>[.......... ....
.........▒......).......▒▒▒+▒▒...
.▒▒......▒.........▒▒...▒▒..▒▒...
▒▒▒..▒▒..▒▒.[▒▒▒▒..▒▒+▒▒▒▒..▒▒Yo.
.▒▒▒.▒▒..▒▒..▒▒▒▒▒▒▒▒....▒..▒▒...
.........(.....▒.........▒..Yoo..
...............+.........▒...£...


You could see an orc warrior, 2 orc wizards and an orc.


Message History

The orc wizard looks encouraged for a moment.
The orc warrior completely misses you.
Unknown command.
You hit the orc wizard but do no damage.
The orc wizard hits you but does no damage.
The orc wizard hits you with a +0 dagger.
* * * LOW HITPOINT WARNING * * *
The orc closely misses you.
You barely miss the orc wizard.
You feel like a meek peon again.
The orc warrior hits you from afar with a +0 glaive!
* * * LOW HITPOINT WARNING * * *
The orc wizard misses you.
You riposte.
You hit the orc wizard but do no damage.
The orc wizard casts a spell at you. The magic dart hits you.
* * * LOW HITPOINT WARNING * * *
Unknown command.
You hit the orc wizard.
The orc wizard is moderately wounded.
The orc wizard barely misses you.
You riposte.
You miss the orc wizard. The orc misses you.
The orc wizard casts a spell at you. The puff of flame hits you.
* * * LOW HITPOINT WARNING * * *
The orc warrior hits you from afar with a +0 glaive!
You die...

Action                   |  1- 3 |  4- 6 |  7- 9 | 10-12 || total
-------------------------+-------+-------+-------+-------++-------
Melee: Dagger            |   132 |   295 |    67 |    91 ||   585
       Flail             |       |    11 |       |       ||    11
       Scimitar          |       |    31 |   320 |   300 ||   651
       Unarmed           |       |       |     2 |       ||     2
       Punch             |       |       |     4 |     2 ||     6
Throw: Dart              |       |     9 |    17 |       ||    26
Invok: Heroism           |       |       |     7 |    12 ||    19
 Abil: Hop               |       |       |     1 |     2 ||     3
  Use: Scroll            |     2 |       |       |    13 ||    15
       Potion            |       |       |     3 |     2 ||     5
 Stab: Sleeping          |     7 |    10 |     2 |     2 ||    21
Armor: Robe              |    33 |    23 |       |       ||    56
       Ring mail         |       |    88 |   120 |    95 ||   303
Dodge: Dodged            |    71 |   237 |   307 |   294 ||   909
       Rpst.: Scimitar   |       |     4 |    82 |    58 ||   144

Levels and vault maps discovered:
D:1:      lightli_arrival_flooded_house, layout_basic, minmay_misc_feat_room
D:2:      layout_basic, gammafunk_temple_overflow_claw,
          kennysheep_cross_bottleneck, minmay_between
D:3:      layout_rooms, nicolae_dithmenos_through_a_glass_darkly
D:4:      layout_basic, lemuel_doored_altar,
          minmay_temple_entry_statues_fountains, portal_sewer_entry_a
D:5:      layout_basic, nicolae_zen_rock_garden, uniq_eustachio, uniq_grinder
D:6:      layout_loops_ring, lemuel_zombie_altar_yredelemnul,
          serial_co_window_serial, co_window_corner_a,
          co_window_of_opportunity_a, co_window_corner_a, co_window_paths_a,
          co_window_of_opportunity_a, co_window_broadway_a, co_window_corner_b,
          co_window_2corner, co_window_broadway_b, co_window_paths_e,
          co_window_4corner_b, glass_columns_c, glass_columns_b,
          glass_columns_b, glass_columns_b, glass_columns_b,
          corexii_item_surrounded_by_moat
D:7:      layout_gridville, uniq_menkaure
D:8:      layout_basic, serial_shops, shop, minmay_liquid_box, st_stairs_8,
          grunt_ministairs_6, minmay_misc_feat_columns
D:9:      layout_basic, general_overflow_altar, nicolae_overflow_hidden_temple,
          serial_shops, nicolae_shop_trees
D:10:     layout_loops_ring, david_defended_altar_orc, uniq_harold
D:12:     layout_gridville, nicolae_qazlal_eye_of_the_storm
D:13:     layout_layer_cave, uniq_snorg, uniq_rupert
Temple:   regret_index_temple_waves

Notes
Turn   | Place    | Note
-------+----------+-------------------------------------------
     0 | D:1      | sanka the Barachi Brigand began the quest for the Orb.
     0 | D:1      | Reached XP level 1. HP: 17/17 MP: 1/1
   358 | D:1      | Reached XP level 2. HP: 23/23 MP: 2/2
   381 | D:1      | Reached skill level 3 in Fighting
   471 | D:1      | Reached skill level 2 in Dodging
   875 | D:2      | Found a snail-covered altar of Cheibriados.
   875 | D:2      | Found a blossoming altar of Fedhas.
   875 | D:2      | Found a shadowy altar of Dithmenos.
   926 | D:2      | Reached XP level 3. HP: 29/29 MP: 3/3
  1530 | D:2      | Reached skill level 4 in Fighting
  1530 | D:2      | Reached skill level 3 in Dodging
  1530 | D:2      | Reached XP level 4. HP: 27/37 MP: 4/4
  2768 | D:3      | Found a shadowy altar of Dithmenos.
  2889 | D:3      | Reached XP level 5. HP: 19/43 MP: 1/5
  3442 | D:4      | Found a sparkling altar of Nemelex Xobeh.
  3621 | D:4      | Found a staircase to the Ecumenical Temple.
  3633 | Temple   | Entered the Ecumenical Temple
  3656 | Temple   | Became a worshipper of Warmaster Okawaru
  3781 | D:4      | Found a glowing drain.
  3801 | Sewer    | Entered a sewer
  3845 | Sewer    | Reached skill level 5 in Fighting
  3845 | Sewer    | Reached skill level 4 in Dodging
  4891 | D:4      | Reached XP level 6. HP: 43/51 MP: 2/6
  5174 | D:4      | Reached skill level 6 in Fighting
  5174 | D:4      | Reached skill level 5 in Dodging
  5546 | D:5      | Entered Level 5 of the Dungeon
  5771 | D:5      | Reached skill level 1 in Long Blades
  6005 | D:5      | Reached XP level 7. HP: 54/59 MP: 4/7
  6054 | D:5      | Noticed Eustachio
  6226 | D:5      | Reached * piety under Okawaru
  6227 | D:5      | Reached skill level 2 in Long Blades
  6246 | D:5      | Killed Eustachio
  6418 | D:5      | Noticed Grinder
  6593 | D:5      | Reached skill level 3 in Long Blades
  6601 | D:5      | Reached skill level 7 in Fighting
  6601 | D:5      | Reached skill level 6 in Dodging
  7073 | D:5      | Paralysed by Grinder for 6 turns
  7107 | D:5      | Paralysed by Grinder for 4 turns
  7115 | D:5      | Killed Grinder
  7116 | D:5      | Reached skill level 1 in Invocations
  7116 | D:5      | Reached XP level 8. HP: 22/67 MP: 7/9
  7355 | D:6      | Reached skill level 4 in Long Blades
  7422 | D:6      | Reached ** piety under Okawaru
  7587 | D:6      | Reached skill level 2 in Invocations
  7618 | D:6      | Got a smoking helmet
  7629 | D:6      | Identified the +2 helmet of the Sturgeon {Harm} (You found
                  | it on level 6 of the Dungeon)
  8150 | D:6      | Found a basalt altar of Yredelemnul.
  8288 | D:6      | Got a bone mace
  8289 | D:6      | Identified the +2 mace of Descent {flame, rElec Str+8 Int-2
                  | Dex+5} (You found it on level 6 of the Dungeon)
  8740 | D:7      | Reached skill level 8 in Fighting
  8740 | D:7      | Reached skill level 7 in Dodging
  8922 | D:7      | Reached skill level 5 in Long Blades
  9037 | D:7      | Reached skill level 3 in Invocations
  9121 | D:7      | Noticed Menkaure
  9137 | D:7      | Killed Menkaure
  9138 | D:7      | Reached XP level 9. HP: 46/74 MP: 9/11
  9792 | D:7      | Reached skill level 6 in Long Blades
 10427 | D:8      | Reached *** piety under Okawaru
 10428 | D:8      | Reached skill level 9 in Fighting
 10428 | D:8      | Reached skill level 4 in Invocations
 10467 | D:8      | Reached skill level 8 in Dodging
 10801 | D:8      | Reached skill level 7 in Long Blades
 11063 | D:8      | Got a dazzling hand axe
 11064 | D:8      | Identified the +7 hand axe of Grace {pain, rC+} (You found
                  | it on level 8 of the Dungeon)
 11248 | D:8      | Reached skill level 10 in Fighting
 11650 | D:8      | Reached XP level 10. HP: 19/85 MP: 2/13
 11660 | D:8      | HP: 3/85 [gnoll/+0 spear (7)]
 11665 | D:8      | Found Iqabe's Assorted Antiques.
 11698 | D:8      | Reached skill level 8 in Long Blades
 12928 | D:8      | Bought a shiny helmet for 202 gold pieces
 12928 | D:8      | Bought an embroidered scarf for 216 gold pieces
 12950 | D:8      | Identified a scarf of resistance (You bought it in a shop
                  | on level 8 of the Dungeon)
 13792 | D:9      | Received a gift from Okawaru
 13944 | D:9      | Reached skill level 11 in Fighting
 14045 | D:9      | Found an opulent altar of Gozag.
 14074 | D:9      | Found a radiant altar of Vehumet.
 14111 | D:9      | Found Umyffedunu's Armour Emporium.
 14573 | D:10     | Entered Level 10 of the Dungeon
 15054 | D:10     | Reached skill level 12 in Fighting
 15474 | D:13     | Reached skill level 13 in Fighting
 15480 | D:13     | Reached **** piety under Okawaru
 15921 | D:12     | Slain by an orc warrior

Vanquished Creatures
  Grinder (D:5)
  5 yaks
  Eustachio (D:5)
  Menkaure (D:7)
  5 sky beasts
  2 ice beasts
  6 orc warriors
  A black bear (D:7)
  A phantom (D:9)
  7 ogres
  A centaur (D:6)
  2 big kobolds
  4 bullfrogs
  2 scorpions
  9 killer bees
  5 wights (D:7)
  2 bullfrog zombies
  A quasit (D:5)
  6 jellies
  6 orc priests
  5 hounds
  2 centaur skeletons
  A bullfrog skeleton (D:9)
  4 iguanas
  10 orc wizards
  6 worker ants
  3 hound zombies
  A howler monkey zombie (D:6)
  7 gnolls
  A howler monkey skeleton (D:9)
  13 adders
  4 river rats (Sewer)
  3 shadow imps
  A white imp (D:5)
  3 ufetubi
  A worm (D:2)
  2 dart slugs (D:2)
  3 leopard geckos
  27 orcs
  7 giant cockroaches
  2 gnoll zombies (D:6)
  11 hobgoblins
  6 jackals
  21 kobolds
  5 quokkas
  7 ball pythons
  A ball python skeleton (D:4)
  A ball python zombie (D:6)
  8 bats
  12 frilled lizards
  6 goblins
  A leopard gecko skeleton (D:6)
  23 rats
276 creatures vanquished.

Table legend: (Time is in decaauts)
 A = Elapsed time spent in this place.
 B = Non-inter-level travel time spent in this place.
 C = Inter-level travel time spent in this place.
 D = Time resting spent in this place.
 E = Time spent auto-exploring this place.
 F = Levels seen in this place.
 G = Mean time per level.
                   A        B        C        D        E       F      G
               +--------+--------+--------+--------+--------+-----+--------+
         Total |  17290 |  16364 |    926 |   5368 |   7916 |  14 | 1235.0 |
       Dungeon |  16209 |  15305 |    904 |   4819 |   7605 |  12 | 1350.8 |
        Temple |     50 |     29 |     21 |      0 |      1 |   1 |   50.0 |
         Sewer |   1029 |   1029 |      0 |    549 |    309 |   1 | 1029.0 |
               +--------+--------+--------+--------+--------+-----+--------+

Top non-repeatable levels by time:
     D:8: 3108 daAuts
     D:2: 1929 daAuts
     D:7: 1805 daAuts
     D:5: 1663 daAuts
     D:4: 1647 daAuts
     D:6: 1574 daAuts
     D:9: 1358 daAuts
   Sewer: 1029 daAuts
     D:1: 932 daAuts
     D:3: 799 daAuts
    D:10: 730 daAuts
    D:12: 335 daAuts
    D:13: 324 daAuts
  Temple: 50 daAuts
